 Dungeon Crawl Stone Soup version 0.31-a0-321-g19405a7a6a (webtiles) character file.

Game seed: 7067331537305027615

13 BrainTurd the Slasher (level 2, 0/23 HPs)
             Began as a Barachi Reaver on July 18, 2023.
             Slain by a kobold
             ... wielding a +0 dagger
              (1 damage)
             ... on level 1 of the Dungeon.
             The game lasted 00:02:02 (463 turns).

BrainTurd the Slasher (Barachi Reaver)               Turns: 463, Time: 00:02:03

Health: 0/23       AC:  3    Str: 13    XL:     2   Next: 37%
Magic:  5/5        EV: 11    Int: 13    God:
Gold:   16         SH:  0    Dex: 10    Spells: 4/5 levels left

rFire   . . .        a - +0 falchion
rCold   . . .        (no shield)
rNeg    . . .        b - +0 leather armour
rPois   .            (no helmet)
rElec   .            (no cloak)
rCorr   .            (no gloves)
SInv    .            (no boots)
Will    .....        (no amulet)
Stlth   +            (no ring)
HPRegen 0.23/turn    (no ring)
MPRegen 0.09/turn

%: no passive effects
@: slow
A: amphibious, slowness 1, strong legs 1, +LOS
a: Hop


You were on level 1 of the Dungeon.
You visited 1 branch of the dungeon, and saw 1 of its levels.

You collected 16 gold pieces.

Inventory:

Hand Weapons
 a - a +0 falchion (weapon)
Armour
 b - a +0 leather armour (worn)
Talismans
 c - a blade talisman
Scrolls
 e - a scroll of teleportation {unknown}
Potions
 d - a potion of degeneration {unknown}


   Skills:
 - Level 2.4 Fighting
 * Level 4.2 Long Blades
 - Level 2.1 Dodging
 - Level 2.1 Spellcasting
 + Level 3.5 Conjurations


You had 4 spell levels left.
You knew the following spells:

 Your Spells              Type           Power      Damage    Failure   Level
a - Kiss of Death         Conj/Necr      24%        2d7       16%         1

Your spell library contained the following spells:

 Spells                   Type           Power      Damage    Failure   Level
 Momentum Strike          Conj/Tloc      12%        3d8       22%         2
 Hailstorm                Conj/Ice       6%         3d4       41%         3


Dungeon Overview and Level Annotations

Branches:
Dungeon (1/15)

Altars:


Innate Abilities, Weirdness & Mutations

You are amphibious.
You cover ground slowly.
You can hop short distances.
You have an extended range of vision and can be seen from far away.


Message History

The hobgoblin shouts!
A goblin and a kobold come into view.
The kobold shouts!
The goblin shouts!
The quokka bites you but does no damage.
A kobold comes into view. It is wielding a +0 club.
You see here 6 gold pieces.
The kobold shouts!
You slash the quokka!
You kill the quokka!
The kobold hits you with a +2 dagger of flaming.
The kobold burns you. The goblin hits you with a +0 dagger.
You see here a quokka corpse.
You hit the goblin.
The goblin is severely wounded.
A ball python comes into view.
The kobold hits you with a +2 dagger of flaming.
The kobold burns you. The goblin hits you with a +0 dagger.
The ball python moves out of view.
The goblin attacks as you move away! The goblin closely misses you.
The hobgoblin attacks as you move away! The hobgoblin hits you.
* * * LOW HITPOINT WARNING * * *
Found a stone staircase leading down.
The kobold attacks as you move away! The kobold closely misses you.
Okay, then.
You barely miss the kobold. The kobold hits you but does no damage.
You barely miss the kobold. The kobold closely misses you.
The kobold hits you but does no damage. The kobold hits you with a +0 dagger.
* * * LOW HITPOINT WARNING * * *
The kobold hits you with a +2 dagger of flaming.
* * * LOW HITPOINT WARNING * * *
The kobold burns you.
* * * LOW HITPOINT WARNING * * *
You hit the kobold. Your punch misses the kobold.
The kobold is heavily wounded.
The kobold hits you but does no damage. The kobold hits you with a +0 dagger.
* * * LOW HITPOINT WARNING * * *
You miss the kobold.
The kobold is heavily wounded.
The kobold closely misses you. The kobold hits you with a +0 dagger.
You die...

#... .....# #.##...
#.#.###.#..# #.###.#
.........?# #.# #[#
#K###.#..#####.###.# #
#.#$#.#............#
#.#K###.#..#####.####.
## #...ggg...# ##
#......
.>...#.###g#.##.#
######. #...K@Kg$.#.#
## ########.#.# ###
##..# #.. #..# #.#
#..# #†#
#######..#########.#
.....).............#
####################


You could see a hobgoblin, a goblin and 2 kobolds.

Vanquished Creatures
  An endoplasm (D:1)
  4 jackals (D:1)
  A kobold (D:1)
  2 quokkas (D:1)
  A bat (D:1)
  A frilled lizard (D:1)
  A goblin (D:1)
11 creatures vanquished.

Notes
Turn   | Place    | Note
-------+----------+-------------------------------------------
     0 | D:1      | BrainTurd the Barachi Reaver began the quest for the Orb.
     0 | D:1      | Reached XP level 1. HP: 17/17 MP: 3/3
    82 | D:1      | Reached skill level 4 in Long Blades
   179 | D:1      | Reached XP level 2. HP: 23/23 MP: 5/5
   462 | D:1      | HP: 1/23 [kobold/+0 dagger (2)]
   463 | D:1      | Slain by a kobold

Illustrated notes

Levels and vault maps discovered:
D:1:      elethiomel_arrival_shortcut, layout_loops_ring,
          kennysheep_minor_cross, minmay_surrounded

Skill      XL: |  1 |
---------------+----+-----
Long Blades    | 4 |  4.2
Fighting       | |  2.4
Dodging        | |  2.1
Spellcasting   | |  2.1
Conjurations   | |  3.5

Action                     || total
---------------------------++-------
  Melee: Falchion          ||    32
 Armour: Leather armour    ||     7
  Dodge: Dodged            ||    22

Table legend: (Time is in decaauts)
 A = Elapsed time spent in this place.
 B = Non-inter-level travel time spent in this place.
 C = Inter-level travel time spent in this place.
 D = Time resting spent in this place.
 E = Time spent auto-exploring this place.
 F = Levels seen in this place.
 G = Mean time per level.
                   A        B        C        D        E       F      G
               +--------+--------+--------+--------+--------+-----+--------+
         Total |    540 |    540 |      0 |     34 |    428 |   1 |  540.0 |
       Dungeon |    540 |    540 |      0 |     34 |    428 |   1 |  540.0 |
               +--------+--------+--------+--------+--------+-----+--------+

Top non-repeatable levels by time:
     D:1: 540 daAuts
